 Dungeon Crawl Stone Soup version 0.25-a0-55-g0753fd1ad2 (webtiles) character file.

Game seed: 15176805953957637991, levelgen mode: deterministic

77 GrandCleric the Gusty (level 4, -4/35 HPs)
             Began as a Draconian Air Elementalist on Oct 25, 2019.
             Killed from afar by Natasha (10 damage)
             ... with a magic dart
             ... on level 2 of the Dungeon.
             The game lasted 00:17:24 (1746 turns).

GrandCleric the Gusty (Draconian Air Elementalist)  Turns: 1746, Time: 00:17:25

Health: -4/35      AC:  5    Str: 10    XL:     4   Next: 14%
Magic:  1/8        EV: 12    Int: 16    God:
Gold:   28         SH:  0    Dex: 12    Spells: 2/8 levels left

rFire    . . .     SeeInvis .   c - +1 dagger
rCold    . . .     Gourm    .   (no shield)
rNeg     . . .     Faith    .   (armour unavailable)
rPois    .         Spirit   .   (helmet restricted)
rElec    .         Reflect  .   (no cloak)
rCorr    .         Harm     .   (no gloves)
MR       .....                  (no boots)
Stlth    ++........             (no amulet)
HPRegen  0.11/turn              (no ring)
MPRegen  0.11/turn              (no ring)

@: no status effects
A: unfitting armour, cold-blooded, AC +5
a: no special abilities


You were on level 2 of the Dungeon.
You were not hungry.

You visited 1 branch of the dungeon, and saw 2 of its levels.

You collected 28 gold pieces.

Inventory:

Hand Weapons
 c - a +1 dagger (weapon)
 f - a +0 short sword
Missiles
 e - 44 arrows
Armour
 h - a +0 robe
Scrolls
 a - a scroll of identify
 g - a scroll of fog
 i - 2 scrolls of fear {unknown}
 j - a scroll of random uselessness {unknown}
Potions
 d - a potion of heal wounds {unknown}
Comestibles
 b - 3 rations
 k - a chunk of flesh


   Skills:
 * Level 1.3 Fighting
 + Level 0.6 Short Blades
 + Level 2.1 Dodging
 - Level 1.7 Stealth
 + Level 2.7 Spellcasting
 + Level 1.3 Conjurations
 + Level 3.7 Air Magic


You had 2 spell levels left.
You knew the following spells:

 Your Spells              Type           Power        Failure   Level  Hunger
a - Shock                 Conj/Air       ##..         7%          1    #......
b - Swiftness             Chrm/Air       #.......     14%         2    ##.....
c - Static Discharge      Conj/Air       ##......     21%         3    ###....

Your spell library contained the following spells:

 Spells                   Type           Power        Failure   Level  Hunger
 Airstrike                Air            ##........   38%         4    #####..
 Lightning Bolt           Conj/Air       ##........   88%         5    ######.


Dungeon Overview and Level Annotations

Branches:
Dungeon (2/15)

Altars:

Annotations:
D:2 Natasha


Innate Abilities, Weirdness & Mutations

Your plain brown scales are hard. (AC +5)
You cannot fit into any form of body armour.
You are cold-blooded and may be slowed by cold attacks.


Message History

You kill the goblin!
Natasha hisses.
Natasha casts a spell at you. The magic dart hits you!
* * * LOW HITPOINT WARNING * * *
Casting: Shock (safe; 7% risk of failure)
Confirm with . or Enter, or press ? or * to list all spells.
Okay, then.
Press: ? - help, v - describe, . - travel The floor, spattered with blood.
Natasha barely misses you. Natasha misses you. Natasha barely misses you.
Natasha casts a spell at you. You resist with some effort.
Natasha stares at you and mumbles some strange words.
You resist with some effort. Natasha casts a spell at you.
The magic dart hits you!
You die...

##..........#
##
#.....#.....#
.###
#......)...#
...###
...........#
.#...##
#......h.##
.##...#
####..†...#
.######
#.####...## <#
######.######.#
.#
#...........#@#
.#
#.####.#####..#
÷# #.#....#
#.##
.###.#.#### #.#
.....#.# #.#
#.#..#.# #)####
#.#..#.#
#....#######
#.#..#.#
#...........
#.#..#.#
#.....######


You could see Natasha.

Vanquished Creatures
  4 adders (D:2)
  A dart slug (D:1)
  3 giant cockroaches
  9 goblins
  3 hobgoblins
  6 bats
  7 frilled lizards
  7 kobolds
  2 rats (D:1)
42 creatures vanquished.

Notes
Turn   | Place    | Note
-------+----------+-------------------------------------------
     0 | D:1      | GrandCleric the Draconian Air Elementalist began the quest
                  | for the Orb.
     0 | D:1      | Reached XP level 1. HP: 14/14 MP: 3/3
   323 | D:1      | Reached XP level 2. HP: 20/20 MP: 3/5
   948 | D:2      | Reached XP level 3. HP: 27/27 MP: 3/6
  1116 | D:1      | Learned a level 2 spell: Swiftness
  1120 | D:1      | Learned a level 3 spell: Static Discharge
  1235 | D:2      | Reached skill level 1 in Fighting
  1692 | D:2      | Noticed Natasha
  1708 | D:2      | Reached XP level 4. HP: 31/35 MP: 0/7
  1746 | D:2      | Killed from afar by Natasha

Levels and vault maps discovered:
D:1:      dpeg_arrival_boxorama, layout_basic
D:2:      minmay_skewed_foursquare, layout_loops_ring, uniq_terence,
          uniq_natasha

Table legend:
 A = Non-vault XP
 B = Vault XP
 C = Vault XP percentage of total XP
 D = Non-vault monster count
 E = Vault monster count
 F = Vault count percentage of total count
                 A         B        C        D         E       F
            +---------+---------+-------+---------+---------+-------
      Total |     109 |       2 |   1.8 |      41 |       1 |   2.4
            +---------+---------+-------+---------+---------+-------
        D:1 |      40 |       0 |   0.0 |      26 |       0 |   0.0
        D:2 |      69 |       2 |   2.8 |      15 |       1 |   6.2
            +---------+---------+-------+---------+---------+-------
